 Dungeon Crawl Stone Soup version 0.17.1-2-g5865329 (webtiles) character file.

5689 Peloso the Blocker (level 10, -2/88 HPs)
             Began as a Minotaur Fighter on Jan 30, 2016.
             Was a Believer of Okawaru.
             Slain by a troll (10 damage)
             ... on level 8 of the Dungeon.
             The game lasted 00:21:47 (6175 turns).

Peloso the Blocker (Minotaur Fighter)               Turns: 6175, Time: 00:21:47

Health: -2/88      AC: 18    Str: 23    XL:     10   Next: 47%
Magic:  9/9        EV:  8    Int:  5    God:    Okawaru [**....]
Gold:   424        SH: 12    Dex: 11    Spells: 0 memorised, 9 levels left

rFire  + . .     SeeInvis .     a - +0 long sword
rCold  . . .     Clarity  .     w - +0 plate armour
rNeg   . . .     SustAt   .     c - +0 shield
rPois  .         Gourm    .     (helmet restricted)
rElec  .         Spirit   .     l - +0 cloak
rCorr  .         Warding  .     J - +1 pair of gloves
rMut   .         Stasis   .     (no boots)
MR     .....                    (no amulet)
Stlth  ..........               (no ring)
                                g - ring of protection from fire

@: not resistant to hostile enchantments, extremely unstealthy
A: retaliatory headbutt, horns 2
a: Heroism, Renounce Religion


You were on level 8 of the Dungeon.
You worshipped Okawaru.
Okawaru was pleased with you.
You were hungry.

You visited 2 branches of the dungeon, and saw 9 of its levels.
You also visited: Sewer.

You collected 424 gold pieces.

Inventory:

Hand Weapons
 a - a +0 long sword (weapon)
Armour
 c - a +0 shield (worn)
 l - a +0 cloak (worn)
 w - a +0 plate armour (worn)
 J - a +1 pair of gloves (worn)
Jewellery
 g - a ring of protection from fire (left hand)
 y - an uncursed amulet of stasis
 E - an uncursed amulet of regeneration
Wands
 G - a wand of lightning (15)
Scrolls
 o - a scroll of blinking
 s - a scroll of fear
 u - 2 scrolls of enchant armour
 x - a scroll of teleportation
 z - 3 scrolls of remove curse
 A - a scroll of recharging
Potions
 h - 2 potions of agility
 k - a potion of magic
 r - 8 potions of curing
 t - a potion of flight
 H - a potion of degeneration {unknown}
 I - a potion of haste
 K - 4 potions of heal wounds {unknown}
 L - a potion of resistance {unknown}
Comestibles
 b - 12 chunks of flesh
 d - a beef jerky
 e - 9 bread rations
 v - 8 meat rations


   Skills:
 + Level 8.3 Fighting
 + Level 8.9 Long Blades
 + Level 9.9 Armour
 + Level 4.9 Dodging
 + Level 1.1 Stealth
 + Level 10.8 Shields
 + Level 0.2 Invocations


You had 9 spell levels left.
You didn't know any spells.

Dungeon Overview and Level Annotations

Branches:
Dungeon (8/15)             Temple (1/1) D:5            Lair (0/8) D:8

Altars:
Ashenzari
Cheibriados
Dithmenos
Elyvilon
Fedhas
Gozag
Kikubaaqudgha
Makhleb
Nemelex Xobeh
Okawaru
Qazlal
Ru
Sif Muna
Trog
Vehumet
Xom
Yredelemnul
Zin
The Shining One

Annotations:
D:7 exclusion: ice statue


Innate Abilities, Weirdness & Mutations

You reflexively headbutt those who attack you in melee.
You have a pair of horns on your head.


Message History

The basilisk bites you but does no damage.
Unknown command.
You slash the troll!
The troll is almost dead.
You block the troll's attack. The troll claws you.
You block the troll's attack.
The basilisk bites you but does no damage.
Unknown command.
You closely miss the basilisk. Your headbutt misses the basilisk.
You block the troll's attack. The troll claws you!
* * * LOW HITPOINT WARNING * * *
You block the troll's attack. The basilisk bites you.
* * * LOW HITPOINT WARNING * * *
Unknown command.
You closely miss the troll.
The troll is almost dead.
The troll bites you!
* * * LOW HITPOINT WARNING * * *
The troll claws you!
You die...

.............#...........#
.............#(..........#
........((...)(..........#
...###..############..#######
#' ##..###..###..##..####..##
. ...........#.............#
........>...#.............#
.c.......†...%#.l...........#
..............#@............#
8####8......$.T.............#
..'...#.####+####.#####.##
.#8.....# #.# ## ####..). ...
#$... ..... #.... .......
#..#


You could see a troll and a basilisk shaped shifter.

Vanquished Creatures
  Erolcha (D:8)
  The ghost of Gargoyl the Skirmisher, a novice DsAK of Lugonu (D:7)
  A fire drake (D:8)
  A two-headed ogre (D:8)
  A spriggan (D:7)
  Eustachio (D:4)
  6 yaks (D:7)
  Menkaure (D:5)
  A hippogriff (D:8)
  Duvessa (D:4)
  2 ogres
  2 orc warriors (D:7)
  A wasp (D:8)
  A sky beast (D:5)
  2 phantoms (D:5)
  3 big kobolds
  A centaur (D:8)
  5 giant frogs
  Dowan (D:4)
  3 crimson imps
  3 hounds
  A gnoll shaman (D:5)
  2 orc priests
  3 iguanas
  2 giant frog skeletons
  Natasha (thrice) (D:4)
  6 orc wizards
  8 worker ants
  A hound skeleton (D:4)
  8 gnolls
  4 river rats (Sewer)
  4 adders
  2 shadow imps
  4 oozes
  3 adder zombies
  6 worms
  5 giant geckos
  20 orcs
  8 ball pythons
  8 bats
  6 giant cockroaches
  3 hobgoblins (D:1)
  8 jackals
  4 quokkas
  9 giant newts
  6 goblins
  33 kobolds
  31 rats
  A rat zombie (D:2)
238 creatures vanquished.

Vanquished Creatures (others)
  A quokka (D:8)
  A fungus (D:5)
2 creatures vanquished.

Grand Total: 240 creatures vanquished

Notes
Turn   | Place    | Note
--------------------------------------------------------------
     0 | D:1      | Peloso the Minotaur Fighter began the quest for the Orb.
     0 | D:1      | Reached XP level 1. HP: 19/19 MP: 0/0
   106 | D:1      | Reached XP level 2. HP: 27/27 MP: 1/1
   274 | D:1      | Reached skill level 4 in Armour
   378 | D:1      | Reached skill level 1 in Dodging
   530 | D:2      | Reached XP level 3. HP: 33/33 MP: 2/2
   574 | D:2      | Found a white marble altar of Elyvilon.
  1225 | D:2      | Found an ancient bone altar of Kikubaaqudgha.
  1385 | D:3      | Reached XP level 4. HP: 38/40 MP: 3/3
  1386 | D:3      | Found a shattered altar of Ashenzari.
  1497 | D:3      | Found a bloodstained altar of Trog.
  1740 | D:3      | Reached skill level 5 in Armour
  1782 | D:3      | Found a shimmering altar of Xom.
  1815 | D:4      | Noticed Eustachio
  1815 | D:4      | Noticed Duvessa
  1815 | D:4      | Noticed Dowan
  1830 | D:4      | Killed Duvessa
  1830 | D:4      | Reached skill level 5 in Shields
  1830 | D:4      | Reached XP level 5. HP: 35/47 MP: 4/4
  1835 | D:4      | Killed Dowan
  1835 | D:4      | Reached XP level 6. HP: 40/53 MP: 5/5
  1847 | D:4      | Killed Eustachio
  1849 | D:4      | Reached skill level 6 in Shields
  1855 | D:4      | Reached XP level 7. HP: 36/60 MP: 6/6
  1913 | D:4      | Found a sparkling altar of Nemelex Xobeh.
  1979 | D:4      | Reached skill level 5 in Fighting
  2005 | D:4      | Noticed Natasha
  2012 | D:4      | Killed Natasha
  2178 | D:4      | Noticed Natasha
  2182 | D:4      | Killed Natasha
  2255 | D:4      | Found a glowing silver altar of Zin.
  2255 | D:4      | Noticed an angel
  2297 | D:4      | Found a glowing drain.
  2318 | Sewer    | Entered a sewer
  2594 | Sewer    | Reached skill level 7 in Shields
  2929 | D:4      | Noticed Natasha
  2932 | D:4      | Killed Natasha
  3022 | D:5      | Entered Level 5 of the Dungeon
  3022 | D:5      | Found a blossoming altar of Fedhas.
  3043 | D:5      | Found a deep blue altar of Sif Muna.
  3098 | D:5      | Noticed Menkaure
  3102 | D:5      | Killed Menkaure
  3102 | D:5      | Reached XP level 8. HP: 56/70 MP: 7/7
  3144 | D:5      | Reached skill level 5 in Long Blades
  3199 | D:5      | Found an ancient bone altar of Kikubaaqudgha.
  3388 | D:5      | Found a staircase to the Ecumenical Temple.
  3454 | Temple   | Entered the Ecumenical Temple
  3597 | D:5      | Found a stormy altar of Qazlal.
  3986 | D:6      | Reached skill level 8 in Shields
  4246 | D:6      | Reached XP level 9. HP: 76/78 MP: 8/8
  4711 | D:7      | Found a sacrificial altar of Ru.
  4914 | D:7      | Found a basalt altar of Yredelemnul.
  4996 | D:7      | Noticed Gargoyl's ghost (novice DsAK)
  5026 | D:7      | Killed Gargoyl's ghost
  5026 | D:7      | Reached skill level 9 in Shields
  5057 | D:7      | Noticed an ice statue
  5513 | D:8      | Found an iron altar of Okawaru.
  5521 | D:8      | Became a worshipper of Warmaster Okawaru
  5554 | D:8      | Reached skill level 1 in Stealth
  5625 | D:8      | Found a staircase to the Lair.
  5626 | D:8      | Noticed a fire drake
  5630 | D:8      | Noticed Erolcha
  5638 | D:8      | Killed a fire drake
  5638 | D:8      | Reached * piety under Okawaru
  5638 | D:8      | Reached skill level 10 in Shields
  5643 | D:8      | Killed Erolcha
  5643 | D:8      | Reached XP level 10. HP: 33/88 MP: 9/9
  5895 | D:8      | Reached ** piety under Okawaru
  6175 | D:8      | Slain by a troll

Action                   |  1- 3 |  4- 6 |  7- 9 | 10-12 || total
-------------------------+-------+-------+-------+-------++-------
Melee: Long sword        |   113 |    88 |   504 |    99 ||   804
Invok: Heroism           |       |       |       |     1 ||     1
  Use: Potion            |       |     1 |     2 |       ||     3
       Scroll            |       |       |    10 |     8 ||    18
  Eat: Chunk             |     1 |     2 |    12 |     3 ||    18
       Royal jelly       |       |       |     1 |       ||     1
